 Dungeon Crawl Stone Soup version 0.29.1-2-gbd0b4ee654 (webtiles) character file.

Game seed: 13543512839897764545

121 DemonSlayer the Firebug (level 4, 0/30 HPs)
             Began as a Demonspawn Fire Elementalist on Oct 31, 2022.
             Succumbed to Terence's poison
             ... on level 2 of the Dungeon.
             The game lasted 00:05:15 (3807 turns).

DemonSlayer the Firebug (DsFE)                      Turns: 3807, Time: 00:05:15

Health: 0/30       AC:  7    Str:  8    XL:     4   Next: 77%
Magic:  7/8        EV: 12    Int: 19    God:
Gold:   94         SH:  0    Dex: 13    Spells: 2/8 levels left

rFire   . . .      SeeInvis .   n - +3 dagger (pain)
rCold   . . .      Faith    .   (no shield)
rNeg    . . .      Spirit   .   a - +0 robe
rPois   .          Reflect  .   (no helmet)
rElec   .          Harm     .   (no cloak)
rCorr   .          Rampage  .   d - +0 pair of gloves
Will    +....      Rage     3%  (no boots)
Stlth   ++........              (no amulet)
HPRegen 0.10/turn               c - ring of willpower
MPRegen 0.11/turn               g - +4 ring of protection

@: mighty, brilliant, lethally poisoned (0 -> -2), on berserk cooldown, slowed,
very slow
A: foul stench 1, weakness stinger 1, berserk 1, evolution 1
a: no special abilities


You were on level 2 of the Dungeon.
You visited 1 branch of the dungeon, and saw 3 of its levels.

You collected 94 gold pieces.

Inventory:

Hand Weapons
 n - a +3 dagger of pain (weapon)
Armour
 a - a +0 robe (worn)
 d - a +0 pair of gloves (worn)
Jewellery
 c - a ring of willpower (left hand)
 g - a +4 ring of protection (right hand)
Wands
 f - a wand of polymorph (8)
Scrolls
 e - 2 scrolls of torment
 i - a scroll of identify
 j - a scroll of poison {unknown}
 p - a scroll of teleportation {unknown}
Potions
 b - 2 potions of magic
 h - a potion of might
 k - a potion of berserk rage


   Skills:
 + Level 2.2 Dodging
 + Level 2.1 Stealth
 + Level 2.9 Spellcasting
 + Level 2.1 Conjurations
 + Level 3.6 Fire Magic


You had 2 spell levels left.
You knew the following spells:

 Your Spells              Type           Power      Damage    Failure   Level
a - Foxfire               Conj/Fire      80%        2x1d8     4%          1
b - Scorch                Fire           50%        2d7       4%          2
c - Conjure Flame         Conj/Fire      20%        6-21      14%         3

Your spell library contained the following spells:

 Spells                   Type           Power      Damage    Failure   Level
 Inner Flame              Hex/Fire       14%        N/A       22%         3
 Portal Projectile        Hex/Tloc       8%         N/A       43%         3
 Tukima's Dance           Hex            4%         N/A       43%         3
 Flame Wave               Conj/Fire      20%        2d7       43%         4
 Blade Hands              Tmut           2%         N/A       99%         5


Dungeon Overview and Level Annotations

Branches:
Dungeon (3/15)

Altars:


Innate Abilities, Weirdness & Mutations

You may rarely emit foul miasma when damaged in melee.
You have a small tail.
You sometimes lose your temper in combat.
You have hidden genetic potential.


Message History

You feel very sick.
There is a lethal amount of poison in your body!
There is a lethal amount of poison in your body!
There is a lethal amount of poison in your body!
There is a lethal amount of poison in your body!
There is a lethal amount of poison in your body!
It was a potion of might.
You feel very mighty all of a sudden.
You feel very sick.
It was a potion of berserk rage.
A red film seems to cover your vision as you go berserk!
You feel yourself moving faster!
You feel mighty!
You feel very sick.
You feel a strong urge to attack something.
* * * LOW HITPOINT WARNING * * *
You feel sick.
You feel sick.
Things that are here:
a +0 trident of venom; a +0 scale mail You feel your anger nearly subside.
* * * LOW HITPOINT WARNING * * *
You feel sick.
You are no longer berserk.
You are exhausted.
You feel yourself slow down.
* * * LOW HITPOINT WARNING * * *
You feel sick.
It was a potion of brilliance.
You feel clever all of a sudden.
* * * LOW HITPOINT WARNING * * *
You feel sick.
Okay, then.
As you read the scroll labelled QIARCH HEODOQUMAID, it crumbles to dust.
It is a scroll of identify.
e - 2 scrolls of torment
* * * LOW HITPOINT WARNING * * *
You feel sick.
As you read the scroll labelled MICHEPEVAARE, it crumbles to dust.
You feel aware of your surroundings.
It was a scroll of magic mapping.
You die...

.............#
......####...######## ##....#
##.........# #####.###
#########.# #########
........###########.# #......)#
.................##<# #.#####.#
.####..#########.##.# #.# #.#
.####..## #.##.####.#####.##
.....[#.## #@##.......>.#...#
##...###.#######.#######.##..###.
#..## ##.).....)# #.##.## ##
##...###.######..# #.##.# #
......#.## #..# #.##.#* ##
..###...#######..#######.....###.
........#.............).#####....
..###.#.#.#####...#####.* ####.
..# #.#.#.# #..<# *.* #..


There were no monsters in sight!

Vanquished Creatures
  Jessica (D:2)
  Terence (D:2)
  2 adders (D:2)
  A dart slug (D:2)
  7 ball pythons
  6 bats
  9 endoplasms
  A giant cockroach (D:1)
  6 goblins
  4 hobgoblins
  2 quokkas
  2 frilled lizards (D:1)
  8 kobolds
  2 rats
52 creatures vanquished.

Vanquished Creatures (collateral kills)
  A foxfire (D:1)
1 creature vanquished.

Vanquished Creatures (others)
  258 foxfires
  2 plants
260 creatures vanquished.

Grand Total: 313 creatures vanquished

Notes
Turn   | Place    | Note
-------+----------+-------------------------------------------
     0 | D:1      | DemonSlayer the Demonspawn Fire Elementalist began the
                  | quest for the Orb.
     0 | D:1      | Reached XP level 1. HP: 13/13 MP: 3/3
   363 | D:1      | Gained mutation: You may rarely emit foul miasma when
                  | damaged in melee. [demonic ancestry]
   363 | D:1      | Reached XP level 2. HP: 19/19 MP: 0/5
   366 | D:1      | Learned a level 2 spell: Scorch
   693 | D:1      | Reached skill level 3 in Fire Magic
  1156 | D:1      | Reached XP level 3. HP: 24/24 MP: 4/6
  1693 | D:1      | Learned a level 3 spell: Conjure Flame
  2398 | D:2      | Noticed Jessica
  2406 | D:2      | Killed Jessica
  2407 | D:2      | Gained mutation: You have a small tail. [demonic ancestry]
  2407 | D:2      | Reached XP level 4. HP: 27/30 MP: 0/8
  3083 | D:2      | Noticed Terence
  3694 | D:2      | Found a faded altar of an unknown god.
  3709 | D:2      | Gained mutation: You passively map a small area around you.
                  | [potion of mutation]
  3709 | D:2      | Lost mutation: You passively map a small area around you.
                  | [potion of mutation]
  3709 | D:2      | Gained mutation: You sometimes lose your temper in combat.
                  | [potion of mutation]
  3709 | D:2      | Gained mutation: You have hidden genetic potential. [potion
                  | of mutation]
  3798 | D:2      | Killed Terence
  3806 | D:2      | HP: 1/30 [poisoned by Terence]
  3807 | D:2      | Succumbed to Terence's poison

Illustrated notes

Levels and vault maps discovered:
D:1:      dpeg_arrival_tiny_h, layout_loops_ring, serial_forest,
          infiniplex_forest_end_2, infiniplex_forest_clump_double,
          infiniplex_forest_zigzag_1, infiniplex_forest_lined_1,
          infiniplex_forest_clump_tiny, infiniplex_forest_lined_2,
          infiniplex_forest_lined_2, infiniplex_forest_end_3,
          infiniplex_forest_join, infiniplex_forest_lined_room_3
D:2:      layout_loops_ring, shapermc_ecumenical_altar_ellora, minmay_unequal,
          uniq_jessica, uniq_terence
D:3:      layout_basic, xom_confusion_cloud, uniq_grinder, uniq_robin

Skill      XL: |  1  2  3  4 |
---------------+-------------+-----
Fire Magic     | 3 |  3.6
Dodging        | 2 |  2.2
Stealth        | 2 |  2.1
Conjurations   | 2 |  2.1
Spellcasting   | |  2.9

Action                   |  1- 3 |  4- 6 || total
-------------------------+-------+-------++-------
Melee: Unarmed           |     2 |       ||     2
       Dagger            |    30 |     1 ||    31
 Cast: Foxfire           |   104 |    63 ||   167
       Scorch            |       |     2 ||     2
  Use: Potion            |       |     5 ||     5
       Scroll            |       |     2 ||     2
Armor: Robe              |    22 |     5 ||    27
Dodge: Dodged            |    36 |     3 ||    39
